 Dungeon Crawl Stone Soup version 0.19-a0-1907-gcff654f (webtiles) character file.

316 witty the Ruffian (level 6, 0/55 (56) HPs)
             Began as a Ghoul Monk on Oct 21, 2016.
             Killed by divine providence
             ... invoked by an orc priest
              (15 damage)
             ... on level 5 of the Dungeon.
             The game lasted 00:08:17 (3420 turns).

witty the Ruffian (Ghoul Monk)                      Turns: 3420, Time: 00:08:18

HP:   0/55 (56)     AC:  5    Str: 15    XL:     6   Next: 44%
MP:   5/5           EV: 13    Int:  5    God:
Gold: 157           SH:  0    Dex: 13    Spells: 0 memorised, 5 levels left

rFire  . . .     SeeInvis +       - Unarmed
rCold  + . .     Gourm    .     s - +0 animal skin
rNeg   + + +     Faith    .     (no shield)
rPois  ∞         Spirit   .     r - +1 helmet {SInv}
rElec  .         Reflect  .     (no cloak)
rCorr  .         Harm     .     (no gloves)
MR     .....                    m - +0 pair of boots
Stlth  +++.......               (no amulet)
                                (no ring)
                                (no ring)

@: rotting
A: rotting body, claws 1, carnivore 3, cold resistance 1, negative energy
resistance 3, slow regeneration 1, torment resistance, unbreathing
a: no special abilities


You were on level 5 of the Dungeon.
You were not hungry.

You visited 1 branch of the dungeon, and saw 7 of its levels.

You collected 157 gold pieces.

Inventory:

Missiles
 n - 5 curare-tipped needles
Armour
 e - a cursed +0 ring mail
   (You found it on level 3 of the Dungeon)
 m - a +0 pair of boots (worn)
   (You found it on level 1 of the Dungeon)
 r - a +1 helmet of see invisible (worn)
   (You took it off Robin on level 2 of the Dungeon)
 s - a +0 animal skin (worn)
   (You took it off Robin on level 2 of the Dungeon)
Jewellery
 f - an uncursed amulet of magic regeneration {unknown}
   (You found it on level 3 of the Dungeon)
Wands
 k - a wand of digging (14/24)
   (You found it on level 6 of the Dungeon)
Scrolls
 a - a scroll of immolation {unknown}
 j - a scroll of recharging
 o - a scroll of magic mapping {unknown}
 u - a scroll of teleportation
 v - a scroll of identify
Potions
 c - a potion of brilliance {unknown}
 d - a potion of curing
 g - a potion of ambrosia {unknown}
 h - 3 potions of degeneration {unknown}
 l - a potion of cancellation {unknown}
Books
 t - a book of Misfortune
   (You found it on level 2 of the Dungeon)
Comestibles
 b - 4 meat rations {@e2}
 i - a royal jelly
 q - 2 beef jerkies


   Skills:
 + Level 5.1 Fighting
 - Level 2.6 Dodging
 + Level 4.5 Stealth
 + Level 5.4 Unarmed Combat


You had 5 spell levels left.
You didn't know any spells.

Dungeon Overview and Level Annotations

Branches:
Dungeon (7/15)
 Temple: D:4-7

Altars:
Sif Muna

Annotations:
D:6 Blork the orc; LeprechaunX's ghost, novice DrGl
D:7 Disciple's ghost, novice DsWz


Innate Abilities, Weirdness & Mutations

Your body is rotting away.
You thrive on raw meat.
You are immune to poison.
You have sharp fingernails.
You are carnivorous and can eat meat at any time.
Your flesh is cold resistant. (rC+)
You are immune to negative energy. (rN+++)
You regenerate slowly when monsters are visible.
You are immune to unholy pain and torment.
You can survive without breathing.


Message History

Unknown command.
As you close the door, it creaks loudly!
There is an open door here.
You close the door.
LeprechaunX's ghost opens the door.
There is an open door here.
You close the door.
Health restored: 56
There is an open door here.
There are no items here.
Found a stone staircase leading up.
Found a stone staircase leading up.
There is a stone staircase leading up here.
You climb upwards.
There is a stone staircase leading down here.
h - 3 viscous yellow potions (gained 2)
A centaur zombie comes into view.
The centaur zombie hits you.
You take 6 damage, and have 50/56 hp.
You scratch the centaur zombie. The centaur zombie closely misses you.
The centaur zombie hits you.
You take 4 damage, and have 46/56 hp.
You scratch the centaur zombie but do no damage.
The centaur zombie misses you.
You scratch the centaur zombie. The centaur zombie hits you.
You take 2 damage, and have 45/56 hp.
You scratch the centaur zombie. The centaur zombie hits you.
You take 1 damage, and have 44/56 hp.
You claw the centaur zombie!
The centaur zombie hits you but does no damage.
You scratch the centaur zombie but do no damage.
The centaur zombie hits you.
You take 3 damage, and have 41/56 hp.
You scratch the centaur zombie.
The centaur zombie hits you but does no damage.
The centaur zombie barely misses you.
You claw the centaur zombie!
The centaur zombie hits you but does no damage.
You claw the centaur zombie!
You destroy the centaur zombie!
A dart slug comes into view.
A dart slug is nearby!
A dart slug is nearby!
A dart slug is nearby!
The dart slug launches a dart at you. The slug dart hits you!
You take 2 damage, and have 41/56 hp.
You scratch the dart slug. The dart slug misses you.
You scratch the dart slug.
You kill the dart slug!
Found a stone staircase leading up.
v - a scroll of identify You regained 2 hp, and now have 44/56 hp.
All of the chunks of flesh in your inventory have rotted away.
You feel your flesh rotting away.
An orc and an orc priest come into view.
You regained 3 hp, and now have 47/55 hp.
The orc misses you.
An orc priest comes into view. It is wielding a dagger.
The orc priest shouts!
You scratch the orc.
You kill the orc!
The orc priest misses you.
Things that are here:
a dagger; 5 tomahawks; a ring mail You scratch the orc priest but do no damage.
The orc priest looks braver for a moment.
You closely miss the orc priest.
The orc priest mumbles some strange prayers to Beogh against you.
Beogh smites you!
You take 8 damage, and have 39/55 hp.
You closely miss the orc priest.
The orc priest mumbles some strange prayers to Beogh against you.
Beogh smites you!
You take 12 damage, and have 27/55 hp.
MASSIVE DAMAGE!!
You claw the orc priest! The orc priest hits you.
You take 1 damage, and have 26/55 hp.
You scratch the orc priest.
You claw the orc priest, but do no damage.
The orc priest barely misses you.
The orc priest calls upon Beogh to heal the orc priest.
The orc priest is healed somewhat.
You scratch the orc priest. The orc priest closely misses you.
You scratch the orc priest but do no damage.
The orc priest hits you but does no damage.
The orc priest calls upon Beogh to heal the orc priest.
The orc priest is healed somewhat.
You scratch the orc priest.
The orc priest calls down the wrath of Beogh upon you.
Beogh smites you!
* * * LOW HITPOINT WARNING * * *
You take 10 damage, and have 16/55 hp.
You barely miss the orc priest. The orc priest misses you.
You scratch the orc priest but do no damage.
The orc priest hits you.
* * * LOW HITPOINT WARNING * * *
The orc priest invokes the aid of Beogh against you.
Beogh smites you!
You die...

#.# ############### #.#
#..............
###.###.######.#############
............................
##.###.######.#############
#.###.######.#
#.........##.#
.........###.##.# ##########
#@##<# #o##.. #o#### #.# ...
... #.# #.#


You could see 2 orc priests.

Vanquished Creatures
  A water moccasin (D:6)
  A centaur zombie (D:5)
  Robin (D:2)
  6 adders
  An ooze (D:3)
  A worm (D:3)
  5 dart slugs
  A leopard gecko (D:3)
  4 orcs
  2 ball pythons (D:3)
  7 bats
  4 giant cockroaches
  14 goblins
  12 hobgoblins
  3 jackals (D:2)
  10 kobolds
  3 quokkas
  6 frilled lizards
  6 rats
88 creatures vanquished.

Notes
Turn   | Place    | Note
-------+----------+-------------------------------------------
     0 | D:1      | witty the Ghoul Monk began the quest for the Orb.
     0 | D:1      | Reached XP level 1. HP: 19/19 MP: 0/0
   140 | D:1      | HP: 1/19 [kobold/short sword (5)]
   141 | D:1      | Reached XP level 2. HP: 2/26 MP: 1/1
   760 | D:1      | Reached XP level 3. HP: 24/33 MP: 2/2
  1086 | D:2      | Reached skill level 3 in Stealth
  1131 | D:2      | Reached skill level 4 in Unarmed Combat
  1308 | D:2      | Reached skill level 4 in Fighting
  1427 | D:2      | Noticed Robin
  1460 | D:2      | Reached XP level 4. HP: 32/40 MP: 3/3
  1509 | D:2      | Killed Robin
  1924 | D:3      | Reached XP level 5. HP: 42/47 MP: 4/4
  2153 | D:3      | Found a deep blue altar of Sif Muna.
  2788 | D:4      | You fall through a shaft for 3 floors!
  2788 | D:7      | Noticed an orc warrior
  2795 | D:7      | Noticed Disciple's ghost (novice DsWz)
  2810 | D:7      | HP: 3/46 [orc priest/divine providence (12)]
  2815 | D:6      | Noticed Blork the orc
  3088 | D:6      | Noticed LeprechaunX's ghost (novice DrGl)
  3119 | D:6      | Noticed a water moccasin
  3135 | D:6      | Killed a water moccasin
  3135 | D:6      | Reached skill level 5 in Fighting
  3135 | D:6      | Reached skill level 4 in Stealth
  3135 | D:6      | Reached skill level 5 in Unarmed Combat
  3135 | D:6      | Reached XP level 6. HP: 31/55 MP: 5/5
  3297 | D:5      | Entered Level 5 of the Dungeon
  3420 | D:5      | Killed from afar by an orc priest

Vault maps used:
D:1:      lemuel_arrival_muddy
D:2:      uniq_crazy_yiuf_cottage, uniq_robin
D:3:      overflow_temple_1_default, minmay_liquid_box
D:5:      first_bread, serial_undead, serial_undead_f, serial_undead_c,
          serial_undead_f, serial_undead_c, uniq_edmund
D:6:      uniq_blork_the_orc
D:7:      elyvilon_altar_4, kennysheep_mini

Skill      XL: |  1  2  3  4  5 |
---------------+----------------+-----
Stealth        | 3 4 |  4.5
Unarmed Combat | 4 5 |  5.4
Fighting       | 4 5 |  5.1
Dodging        | |  2.6

Action                   |  1- 3 |  4- 6 || total
-------------------------+-------+-------++-------
Melee: Unarmed           |   111 |   183 ||   294
       Punch             |     2 |     3 ||     5
  Use: Scroll            |       |     9 ||     9
       Potion            |       |     1 ||     1
 Stab: Sleeping          |     5 |     6 ||    11
  Eat: Chunk             |    11 |    19 ||    30
       Beef jerky        |       |     1 ||     1
Armor: Robe              |    16 |    13 ||    29
       Animal skin       |       |    31 ||    31
Dodge: Dodged            |    59 |   146 ||   205

Vault maps used:
D:1:      lemuel_arrival_muddy
D:2:      uniq_crazy_yiuf_cottage, uniq_robin
D:3:      overflow_temple_1_default, minmay_liquid_box
D:5:      first_bread, serial_undead, serial_undead_f, serial_undead_c,
          serial_undead_f, serial_undead_c, uniq_edmund
D:6:      uniq_blork_the_orc
D:7:      elyvilon_altar_4, kennysheep_mini

Table legend:
 A = Turns spent in this place as a percentage of turns spent in the entire game.
 B = Non-inter-level travel turns spent in this place as a percentage of non-inter-level travel turns spent in the entire game.
 C = Inter-level travel turns spent in this place as a percentage of turns spent in this place.
 D = Turns resting spent in this place as a percentage of non-inter-level travel turns spent in this place.
 E = Turns spent auto-exploring this place as a percentage of non-inter-level travel turns spent in this place.
 F = Non-inter-level travel turns spent in this place divided by the number of levels of this place that you've seen.
                   A       B       C       D       E      F
               +-------+-------+-------+-------+-------+----------------------
         Total | 100.0 | 100.0 |   0.2 |   1.0 |   7.7 | 184.6
       Dungeon | 100.0 | 100.0 |   0.2 |   1.0 |   7.7 | 184.6
               +-------+-------+-------+-------+-------+----------------------

Table legend:
 A = Kills in this place as a percentage of kills in entire the game.
 B = Kills by you in this place as a percentage of kills by you in the entire game.
 C = Kills by friends in this place as a percentage of kills by friends in the entire game.
 D = Other kills in this place as a percentage of other kills in the entire game.
 E = Experience gained in this place as a percentage of experience gained in the entire game.
 F = Experience gained in this place divided by the number of levels of this place that you have seen.
                   A       B       C       D       E      F
               +-------+-------+-------+-------+-------+----------------------
         Total | 100.0 | 100.0 |  -nan |  -nan | 100.0 |  64.6
       Dungeon | 100.0 | 100.0 |  -nan |  -nan | 100.0 |  64.6
               +-------+-------+-------+-------+-------+----------------------
